Description

Example Build execution of the 2 base roach zvz +2/+1 timing from the sc2 swarm website by McMonroe + Beardie. https://sc2swarm.com/2018/08/22/2-base-roach-zvz-by-mcmonroe/

VOD

https://sc2swarm.com/2018/08/22/2-base-roach-zvz-by-mcmonroe/

Replay - ZvZ 2 Base Roach +2/+1 Timing Sc2 Swarm

Build Order

Get SALT Encoding   

  12  0:01  Drone  
  13  0:12  Overlord  
  13  0:19  Drone  
  14  0:32  Drone x2  
  16  0:49  Hatchery  
  15  0:52  Drone x2  
  17  0:59  Drone  
  18  1:09  Extractor  
  17  1:15  Spawning Pool  
  17  1:17  Drone x2  
  18  1:28  Drone  
  20  1:49  Overlord  
  20  2:02  Queen x2  
  30  2:32  Overlord  
  30  2:39  Queen, Lair  
  35  2:51  Evolution Chamber  
  35  2:57  Roach Warren  
  37  3:13  Overlord  
  37  3:19  Extractor x2  
  39  3:21  Zerg Missile Weapons Level 1  
  44  3:37  Glial Reconstitution  
  44  3:44  Evolution Chamber  
  48  4:01  Hatchery  
  47  4:04  Overlord  
  47  4:13  Roach x2  
  54  4:24  Roach x3  
  54  4:29  Roach  
  60  4:37  Roach x4  
  68  4:42  Zerg Ground Armor Level 1  
  68  4:44  Extractor  
  76  5:15  Queen  
  78  5:29  Zerg Missile Weapons Level 2  
  88  5:41  Overseer  
  112  6:10  Ravager  
  139  6:41  Ravager x3  
  166  7:18  Ravager  
Spawning Tool Build Advisor. Get it on Overwolf

Go to:

Details

  • Created by: Beardie
  • Published on: Aug 30, 2018
  • Modified on: Aug 30, 2018
  • Patch: 4.0.0
Show
View Real Time Build Order
Export as new Build Order

Comments (1)

On May 16, 2019, 4:23 p.m., ANTI  said:

Thankyou for this build. I hate the almost uncontrollable chaos of ling/bane and the contstant rushing in ZvZ aswell in Diamond, and this build is now my solution to that! I follow this build loosely and if I spot a rush I wall-in immediately, pump out roaches instead of taking my 3rd and push out!

If they take an early 3rd then I push out earlier before they get an advantage on me, or if they're droning then I've been rolling them.

If they go Muta, I take a hydra den and 2 spores at each base to completely shut them down.

If they go for Lurkers then hopefully I hit too soon for them (haven't quite figured this one out yet)

Create an account to comment!